 Dungeon Crawl Stone Soup version 0.17-a0-1079-g9903972 (console) character file.

2289 Monkaria the Carver (level 9, -8/58 HPs)
             Began as a Demonspawn Chaos Knight on May 19, 2015.
             Mangled by an ogre
             ... wielding a +0 giant spiked club
              (14 damage)
             ... on level 7 of the Dungeon.
             The game lasted 00:12:10 (6685 turns).

Monkaria the Carver (Demonspawn Chaos Knight)       Turns: 6685, Time: 00:12:11

Health: -8/58      AC: 17    Str: 16      XL:     9   Next: 17%
Magic:  0/9        EV:  9    Int: 16      God:    Xom [.*....]
Gold:   160        SH:  3    Dex: 14 (16) Spells: 0 memorised, 8 levels left

rFire  . . .     SeeInvis .     a - +1 falchion (chaos)
rCold  . . .     Clarity  .     p - +1 scale mail "Yzao" {Dex+4} (curse)
rNeg   + . .     SustAb   .     (no shield)
rPois  .         Gourm    .     (helmet restricted)
rElec  .         Spirit   +     (no cloak)
rCorr  .         Warding  .     d - +1 pair of gloves
rMut   .         Stasis   .     i - +2 pair of boots {Stlth+}
MR     .....                    (no amulet)
Stlth  +.........               y - +2 ring of intelligence
                                g - ring of positive energy

@: not resistant to hostile enchantments, very unstealthy
A: hooves 1, horns 1, large bone plates 2, blurry vision 1, demonic guardian 1,
deterioration 2, frail 1, slow healing 1, magic shield, magic regeneration
a: Renounce Religion


You were on level 7 of the Dungeon.
You worshipped Xom.
You were a plaything of Xom.
You were not hungry.

You visited 1 branch of the dungeon, and saw 7 of its levels.
You also visited: Ossuary.

You collected 403 gold pieces.
You spent 243 gold pieces at shops.

Inventory:

Hand weapons
 a - a +1 falchion of chaos (weapon)
 C - the +7 hunting sling of Jofrisch {velocity, rF+ Dex+4, unknown}
   (You found it on level 7 of the Dungeon)

   Any stone fired from it inflicts extra damage.
   It affects your dexterity (+4).
   It protects you from fire.
 H - a cursed +1 great sword
Missiles
 v - 15 poisoned needles
Armour
 d - a +1 pair of gloves (worn)
 i - a +2 pair of boots of stealth (worn)
 p - the cursed +1 scale mail "Yzao" (worn) {Dex+4}
   (You bought it in a shop on level 5 of the Dungeon)

   It affects your dexterity (+4).
   It has a curse placed upon it.
Jewellery
 g - a ring of positive energy (left hand)
 y - a +2 ring of intelligence (right hand)
Magical devices
 D - a wand of flame (12)
Scrolls
 e - 5 scrolls of enchant weapon
 f - 4 scrolls of noise {unknown}
 h - 6 scrolls of teleportation
 n - 3 scrolls of random uselessness {unknown}
 x - 5 scrolls of immolation {unknown}
 B - a scroll of recharging {unknown}
 E - 2 scrolls of remove curse
Potions
 k - 3 potions of agility
 l - a potion of magic
 m - a potion of haste
 o - 5 potions of curing
 q - 2 potions of heal wounds
 s - a potion of cancellation
 t - 2 potions of lignification {unknown}
 w - a potion of might {unknown}
 z - a potion of flight {unknown}
 A - a potion of ambrosia {unknown}
Books
 b - a book of Spatial Translocations

   Spells                             Type                      Level
   a - Apportation                    Translocation                1
   b - Blink                          Translocation                2
   c - Shroud of Golubria             Charms/Translocation         2
   d - Portal Projectile              Translocation                3
   e - Teleport Other                 Translocation                3
   f - Passage of Golubria            Translocation                4
Comestibles
 c - 3 bread rations
 j - 2 beef jerkies
 r - 3 chunks of flesh
 u - a slice of pizza
 F - 3 meat rations
 G - a royal jelly


   Skills:
 - Level 4.0 Fighting
 - Level 9.0 Long Blades
 + Level 7.0 Armour
 - Level 0.8 Dodging


You had 8 spell levels left.
You didn't know any spells.

Dungeon Overview and Level Annotations

Branches:
Dungeon (7/15)             Temple (0/1) D:6

Altars:
Ashenzari
Dithmenos
Elyvilon
Gozag
Nemelex Xobeh
Okawaru
Qazlal
Ru
Yredelemnul

Shops:
D:4 [   D:5 [   D:6 *


Innate Abilities, Weirdness & Mutations

You have large cloven feet.
You are mostly covered in large bone plates (AC +3, SH +3).
A weak demonic guardian rushes to your aid.
When hurt, damage is shared between your health and your magic reserves.
You regenerate magic rapidly.
You have a pair of small horns on your head.
Scrolls take you a little longer to read.
Your body often deteriorates upon taking damage.
You are frail (-10% HP).
You heal slowly when monsters are visible.


Message History

No target in view!
No target in view!
No target in view!
No target in view!
No target in view!
No target in view!
No target in view!
No target in view!
You hit something. Something hits you!
Your body deteriorates!
You feel clumsy.
A bat comes into view.
You hit something. You burn something.
The bat moves out of view.
You hit something.
Your white imp disappears in a puff of smoke!
Something hits you!!
* * * LOW HITPOINT WARNING * * *
Your body deteriorates!
You feel clumsy.
You closely miss something. The bat hits you but does no damage.
Something hits you!
You die...

#......... +......... .
#......... .. #.........
... #######... .... #.÷†
.....################..<
......{...[............†
......b@................
............[...........
.#####..................
#######(...........
#######............
...................
######.....)...####
##........####
#........)..+


You could see a bat.

Vanquished Creatures
  A phantom (D:6)
  An ice beast (D:7)
  A sky beast (D:5)
  5 ogres
  2 centaurs
  2 giant frogs
  A water moccasin zombie (D:5)
  A scorpion (D:7)
  2 wights (D:6)
  A giant frog zombie (D:6)
  4 crimson imps
  4 hounds
  3 orc wizards
  A gnoll shaman (D:6)
  2 human zombies (Ossuary)
  An iguana (D:6)
  A jelly (D:6)
  4 worker ants
  4 mummies (Ossuary)
  5 gnolls (D:6)
  8 adders
  4 worms
  3 giant geckos
  6 orcs
  2 ball pythons
  20 bats
  A bat skeleton (D:5)
  6 giant cockroaches
  4 gnoll zombies (Ossuary)
  11 goblins
  12 hobgoblins
  13 jackals
  A giant gecko zombie (D:5)
  7 giant newts
  A hobgoblin zombie (Ossuary)
  10 kobolds
  A kobold zombie (Ossuary)
  3 quokkas
  13 rats
172 creatures vanquished.

Vanquished Creatures (collateral kills)
  Grinder (D:4)
  An ogre (D:7)
  2 centaurs
  A wight (D:6)
  A kobold (D:7)
6 creatures vanquished.

Vanquished Creatures (others)
  A fire vortex (D:7)
  9 crimson imps
  5 iron imps
  4 quasits
  2 white imps
  A shadow imp (D:4)
  3 ufetubi
  A quokka (D:7)
26 creatures vanquished.

Grand Total: 204 creatures vanquished

Notes
Turn   | Place    | Note
--------------------------------------------------------------
     0 | D:1      | Monkaria the Demonspawn Chaos Knight began the quest for the Orb.
     0 | D:1      | Reached XP level 1. HP: 18/18 MP: 1/1
    91 | D:1      | Gained mutation: A weak demonic guardian rushes to your aid. [demonic ancestry]
    91 | D:1      | Reached XP level 2. HP: 18/24 MP: 2/2
   202 | D:1      | Reached skill level 4 in Fighting
   291 | D:1      | Reached XP level 3. HP: 25/30 MP: 3/3
   816 | D:2      | XOM: silly message
  1275 | D:2      | Gained mutation: When hurt, damage is shared between your health and your magic reserves. [demonic ancestry]
  1275 | D:2      | Reached XP level 4. HP: 29/37 MP: 4/4
  1343 | D:2      | XOM: medium Ice miscast
  1725 | D:2      | Found a shattered altar of Ashenzari.
  1974 | D:3      | Found a basalt altar of Yredelemnul.
  2122 | D:3      | Found a shadowy altar of Dithmenos.
  2191 | D:3      | Gained mutation: You are partially covered in large bone plates (AC +2, SH +2). [demonic ancestry]
  2191 | D:3      | Reached XP level 5. HP: 14/42 MP: 0/5
  2686 | D:4      | Noticed an ogre
  2690 | D:4      | Killed an ogre
  2690 | D:4      | Reached skill level 5 in Long Blades
  2708 | D:4      | XOM: confusion (+ monsters)
  2739 | D:4      | Gained mutation: You are mostly covered in large bone plates (AC +3, SH +3). [demonic ancestry]
  2739 | D:4      | Reached XP level 6. HP: 41/48 MP: 6/6
  2766 | D:4      | Found Gipeymu's Antique Armour Shoppe.
  2838 | D:4      | Found a sand-covered staircase.
  2844 | Ossuary  | Entered an ossuary
  2879 | Ossuary  | XOM: smoke on damage
  2904 | Ossuary  | Reached skill level 6 in Long Blades
  2941 | Ossuary  | XOM: divination: magic mapping
  3344 | D:4      | Noticed Grinder
  3349 | D:4      | XOM: polymorph ufetubus -> shadow imp
  3360 | D:4      | Killed Grinder
  3360 | D:4      | Reached skill level 7 in Long Blades
  3360 | D:4      | Gained mutation: You regenerate magic rapidly. [demonic ancestry]
  3360 | D:4      | Reached XP level 7. HP: 41/54 MP: 7/7
  3699 | D:4      | Noticed an ogre
  3726 | D:4      | XOM: butterfly on damage
  3727 | D:4      | Killed an ogre
  3803 | D:5      | Entered Level 5 of the Dungeon
  3929 | D:5      | Found a sacrificial altar of Ru.
  3954 | D:5      | XOM: polymorph quasit -> crimson imp
  3955 | D:5      | Reached skill level 8 in Long Blades
  3980 | D:5      | Found a sparkling altar of Nemelex Xobeh.
  4040 | D:5      | Gained mutation: You are frail (-10% HP). [mutagenic meat]
  4041 | D:5      | Gained mutation: You heal slowly when monsters are visible. [mutagenic meat]
  4042 | D:5      | Gained mutation: Your magical capacity is low (-10% MP). [mutagenic meat]
  4043 | D:5      | Lost mutation: Your magical capacity is low (-10% MP). [mutagenic meat]
  4116 | D:5      | Found an iron altar of Okawaru.
  4136 | D:5      | Gained mutation: You have large cloven feet. [demonic ancestry]
  4136 | D:5      | Reached XP level 8. HP: 43/54 MP: 6/8
  4222 | D:5      | Reached skill level 9 in Long Blades
  4388 | D:5      | Found Cetangug's Antique Armour Boutique.
  4429 | D:5      | Bought a bloodstained scale mail for 243 gold pieces
  4439 | D:5      | Identified the cursed +1 scale mail "Yzao" {Dex+4} (You bought it in a shop on level 5 of the Dungeon)
  4453 | D:5      | XOM: noise
  4655 | D:6      | XOM: confusion
  4718 | D:6      | XOM: mild Conj miscast
  4744 | D:6      | XOM: colour smoke trail
  5105 | D:6      | XOM: silly message
  5196 | D:6      | Found a staircase to the Ecumenical Temple.
  5332 | D:6      | Found Gozag's Platinum Reserve.
  5338 | D:6      | XOM: harmless Trmt miscast
  5354 | D:6      | Found an opulent altar of Gozag.
  5371 | D:6      | XOM: swap monsters
  5729 | D:6      | Reached skill level 5 in Armour
  5785 | D:6      | XOM: chaos cloud
  5794 | D:6      | XOM: smoke on damage
  5913 | D:6      | XOM: mild Hex miscast
  6096 | D:6      | XOM: give mutations
  6096 | D:6      | Gained mutation: Your body sometimes deteriorates upon taking damage. [Xom's mischief]
  6096 | D:6      | Gained mutation: Your body often deteriorates upon taking damage. [Xom's mischief]
  6156 | D:6      | XOM: colour smoke trail
  6250 | D:7      | XOM: give mutations
  6250 | D:7      | Gained mutation: Scrolls take you a little longer to read. [Xom's mischief]
  6250 | D:7      | Gained mutation: You have a pair of small horns on your head. [Xom's mischief]
  6281 | D:7      | Got a translucent hunting sling
  6301 | D:7      | Reached XP level 9. HP: 23/58 MP: 9/9
  6346 | D:7      | Found a white marble altar of Elyvilon.
  6475 | D:7      | Found a stormy altar of Qazlal.
  6519 | D:7      | XOM: mild Fire miscast
  6685 | D:7      | Mangled by an ogre

Vault maps used:
D:1:      dpeg_arrival_line_fractal
D:2:      nicolae_overflow_hidden_temple
D:3:      yredelemnul_altar_generic, nicolae_dithmenos_through_a_glass_darkly,
          first_bread, kennysheep_generic_room_7
D:4:      nicolae_ossuary_entry_plus, serial_shops, shop,
          minmay_item_behind_shaft, uniq_grinder
D:5:      overflow_temple_1_default, okawaru_trees_2, serial_shops,
          nicolae_shop_waterfront, basic_altar
D:6:      nicolae_gozag_zags_fifth_avenue, minmay_temple_entry_statues_pillars,
          eino_tiny_chamber
D:7:      boulder_indie, elyvilon_altar_4, old_standard_altar, zin_angel,
          serial_shops, kennysheep_little_box
Ossuary:  ossuary_crypta

Action                   |  1- 3 |  4- 6 |  7- 9 || total
-------------------------+-------+-------+-------++-------
Melee: Falchion          |   144 |   251 |   348 ||   743
  Use: Scroll            |       |    11 |     5 ||    16
 Stab: Confused          |     1 |     2 |     1 ||     4
       Paralysed         |       |     5 |     2 ||     7
       Sleeping          |       |     3 |     4 ||     7
       Petrified         |       |     2 |     2 ||     4
       Petrifying        |       |     1 |     5 ||     6
  Eat: Chunk             |       |     7 |    16 ||    23
